 Dungeon Crawl Stone Soup version 0.20-a0-893-g832831a (webtiles) character file.

190 4thArraOfDagon the Slasher (level 5, 0/28 HPs)
             Began as a Vine Stalker Warper on Mar 17, 2017.
             Succumbed to a worker ant's poison
             ... on level 4 of the Dungeon.
             The game lasted 00:02:33 (501 turns).

4thArraOfDagon the Slasher (Vine Stalker Warper)     Turns: 501, Time: 00:02:33

Health: 0/28       AC:  6    Str: 13    XL:     5   Next: 69%
Magic:  2/9        EV: 10    Int: 14    God:
Gold:   45         SH:  0    Dex: 14    Spells: 8/8 levels left

rFire    . . .     SeeInvis .   a - +0 falchion
rCold    . . .     Gourm    .   n - +0 scale mail
rNeg     . . .     Faith    .   (no shield)
rPois    .         Spirit   +   (no helmet)
rElec    .         Reflect  .   (no cloak)
rCorr    .         Harm     .   (no gloves)
MR       .....                  (no boots)
Stlth    ..........             (no amulet)
Regen    0.5/turn               (no ring)
MPRegen  0.2/turn               (no ring)

@: lethally poisoned (0 -> -1), exhausted, very slightly contaminated, hasted,
very quick
A: fangs 2, regeneration 1, magic shield, antimagic bite, no potion heal 3, rot
immunity
a: no special abilities


You were on level 4 of the Dungeon.
You were not hungry.

You visited 1 branch of the dungeon, and saw 5 of its levels.

You collected 45 gold pieces.

Inventory:

Hand Weapons
 a - a +0 falchion (weapon)
Missiles
 e - 5 tomahawks of dispersal (quivered)
Armour
 b - a +0 leather armour
 k - a +0 ring mail
 n - a +0 scale mail (worn)
Scrolls
 d - a scroll of blinking
 h - 3 scrolls of identify {unknown}
 i - a scroll of recharging {unknown}
 j - 2 scrolls of remove curse {unknown}
 m - a scroll of enchant weapon {unknown}
Potions
 g - a potion of haste
Books
 c - a book of Spatial Translocations

   Spells                             Type                      Level
   a - Blink                          Translocation                2
   b - Shroud of Golubria             Charms/Translocation         2
   c - Lesser Beckoning               Translocation                3
   d - Gell's Gravitas                Translocation                3
   e - Teleport Other                 Translocation                3
   f - Passage of Golubria            Translocation                4
Comestibles
 f - 2 bread rations


   Skills:
 + Level 2.8 Fighting
 * Level 3.6 Long Blades
 - Level 0.8 Throwing
 + Level 1.9 Armour
 + Level 2.3 Dodging
 - Level 2.1 Spellcasting
   Level 3.0 Translocations


You had 8 spell levels left.
You didn't know any spells.

Dungeon Overview and Level Annotations

Branches:
Dungeon (5/15)
 Temple: D:4-7

Altars:

Annotations:
D:2 Natasha
D:5 Grinder


Innate Abilities, Weirdness & Mutations

You have extremely sharp teeth.
Your natural rate of healing is unusually fast.
When hurt, damage is shared between your health and your magic reserves.
Your bite disrupts and absorbs the magic of your enemies.
Potions cannot restore your health.
You are immune to rotting.


Message History

Your bite misses the worker ant.
The worker ant is almost dead.
* * * LOW HITPOINT WARNING * * *
You feel sick. The worker ant closely misses you.
Unknown command.
Unknown command.
You hit the worker ant but do no damage.
You bite the worker ant, but do no damage.
The worker ant is almost dead.
You feel yourself speed up.
* * * LOW HITPOINT WARNING * * *
You feel sick. The worker ant barely misses you.
You riposte.
You hit the worker ant.
You kill the worker ant!
The orc wizard gestures wildly while chanting.
The orc wizard blinks!
Unknown command.
You slash the orc!
You kill the orc!
You die...

#.# #.# #.# #.#
#.#####.###
#.).......#####
#.......$......
#@# .. #####)####
...#
##...#ยง)..#...#
#.......$..#$.#
#...$...>........
#..........$..(..
#................
##)....>.........
##...##.!.......


There were no monsters in sight!

Vanquished Creatures
  A howler monkey (D:4)
  A hound (D:4)
  An orc wizard (D:4)
  A worker ant (D:4)
  An adder (D:2)
  2 oozes
  An adder skeleton (D:4)
  3 worms (D:2)
  2 dart slugs (D:1)
  2 orcs (D:4)
  2 goblins
  4 hobgoblins
  6 jackals
  4 kobolds
  6 bats
  2 frilled lizards (D:1)
39 creatures vanquished.

Notes
Turn   | Place    | Note
-------+----------+-------------------------------------------
     0 | D:1      | 4thArraOfDagon the Vine Stalker Warper began the quest for the Orb.
     0 | D:1      | Reached XP level 1. HP: 11/11 MP: 4/4
   100 | D:1      | Reached skill level 1 in Armour
   100 | D:1      | Reached XP level 2. HP: 15/15 MP: 6/6
   223 | D:1      | Reached XP level 3. HP: 13/18 MP: 5/7
   413 | D:2      | Noticed Natasha
   421 | D:2      | Gained mutation: Your natural rate of healing is unusually fast. [Vine Stalker growth]
   421 | D:2      | Reached XP level 4. HP: 12/23 MP: 8/8
   472 | D:4      | Reached XP level 5. HP: 27/27 MP: 9/9
   485 | D:5      | Entered Level 5 of the Dungeon
   485 | D:5      | Noticed Grinder
   499 | D:4      | HP: 1/27 [poisoned by a worker ant]
   501 | D:4      | Succumbed to a worker ant's poison

Vault maps used:
D:1:      nicolae_arrival_memento_mori
D:2:      wad_lake_hut, minmay_misc_feat_plants, kennysheep_nub,
          minmay_misc_feat_x, uniq_natasha, uniq_sigmund, uniq_iyjb
D:4:      minmay_temple_entry_enclosed_plants, first_bread
D:5:      uniq_grinder

Skill      XL: |  1  2  3  4 |
---------------+-------------+-----
Long Blades    | 2 3 |  3.6
Armour         | 1 |  1.9
Fighting       | 2 |  2.8
Dodging        | 2 |  2.3
Throwing       | |  0.8
Spellcasting   | |  2.1
Translocations | |  3.0

Action                   |  1- 3 |  4- 6 || total
-------------------------+-------+-------++-------
Melee: Falchion          |    72 |    29 ||   101
       Bite              |    27 |    10 ||    37
  Use: Potion            |     1 |     2 ||     3
Armor: Leather armour    |    15 |       ||    15
       Ring mail         |    11 |       ||    11
       Scale mail        |       |    21 ||    21
Dodge: Dodged            |    51 |    16 ||    67
       Rpst.: Falchion   |    17 |     7 ||    24
